 Dungeon Crawl Stone Soup version 0.30-b1-2-g02819fbbbe (webtiles) character file.

Game seed: 9986870373893612666

264 Flugkiller the Covered (level 5, -2/48 HPs)
             Began as a Minotaur Fighter on May 8, 2023.
             Slain by an ogre
             ... wielding a +0 giant club
              (22 damage)
             ... on level 4 of the Dungeon.
             The game lasted 00:00:48 (1457 turns).

Flugkiller the Covered (Minotaur Fighter)           Turns: 1457, Time: 00:00:48

Health: -2/48      AC:  8    Str: 22    XL:     5   Next: 98%
Magic:  4/4        EV:  9    Int:  5    God:
Gold:   148        SH:  4    Dex: 10    Spells: 4/4 levels left

rFire   . . .        a - +0 war axe
rCold   . . .        c - +0 buckler
rNeg    . . .        b - +0 scale mail
rPois   .            m - +1 hat {Stlth+}
rElec   .            (no cloak)
rCorr   .            (no gloves)
SInv    .            (no boots)
Will    .....        (no amulet)
Stlth   +            (no ring)
HPRegen 0.28/turn    (no ring)
MPRegen 0.09/turn

%: no passive effects
@: studying Armour
A: horns 2, retaliatory headbutt
a: no special abilities


You were on level 4 of the Dungeon.
You visited 2 branches of the dungeon, and saw 4 of its levels.

You collected 148 gold pieces.

Inventory:

Hand Weapons
 a - a +0 war axe (weapon)
Armour
 b - a +0 scale mail (worn)
 c - a +0 buckler (worn)
 m - a +1 hat of stealth (worn)
   (You found it on level 4 of the Dungeon)
Scrolls
 f - a scroll of identify {unknown}
 h - a scroll of silence {unknown}
 k - a scroll of vulnerability {unknown}
 n - a scroll of magic mapping {unknown}
Potions
 d - a potion of might
 e - 2 potions of brilliance {unknown}
 g - a potion of curing {unknown}
 i - 2 potions of flight {unknown}
 j - a potion of attraction {unknown}
 l - a potion of heal wounds {unknown}


   Skills:
 * Level 5.3 Fighting
 * Level 4.6 Axes
 * Level 5.5 Armour
 + Level 4.4 Shields


You had 4 spell levels left.
You didn't know any spells.
Your spell library was empty.

Dungeon Overview and Level Annotations

Branches:
Dungeon (4/15)             Temple (1/1) D:4

Altars:
Ashenzari
Dithmenos
Elyvilon
Nemelex Xobeh
Okawaru
Qazlal
Ru
Trog
Wu Jian
Xom
Yredelemnul
The Shining One


Innate Abilities, Weirdness & Mutations

You have a pair of horns on your head.
You reflexively headbutt those who attack you in melee.


Message History

No target in view!
No target in view!
No target in view!
No target in view!
No target in view!
A goblin is nearby!
A goblin is nearby!
A goblin is nearby!
Found a manual of Armour.
The goblin shouts!
The goblin unwields a +0 dagger.
The goblin wields a +0 sling.
The goblin shoots a sling bullet.
The sling bullet barely misses you.
You see here a hobgoblin corpse.
The goblin shoots a sling bullet.
You block the sling bullet.
The goblin shoots a sling bullet.
You block the sling bullet.
The goblin unwields a +0 sling.
The goblin wields a +0 dagger.
The goblin hits you but does no damage.
You closely miss the goblin. Your headbutt misses the goblin.
You hear the rapid rusting of a very distant drain.
The goblin hits you but does no damage.
You slash the goblin!
You kill the goblin!
No target in view!
No target in view!
No target in view!
No target in view!
No target in view!
No target in view!
No target in view!
You pick up a manual of Armour and begin studying.
Unknown command.
You hear the rapid rusting of a very distant drain.
You hear the drain falling apart.
The walls and floor vibrate strangely for a moment.
An ogre comes into view. It is wielding a +0 giant club.
The ogre shouts!
You hear a shout!
An ogre is nearby!
An ogre is nearby!
An ogre is nearby!
You slash the ogre!
The ogre is moderately wounded.
The ogre barely misses you.
You hit the ogre but do no damage.
The ogre is moderately wounded.
You block the ogre's attack.
You barely miss the ogre.
The ogre is moderately wounded.
The ogre barely misses you.
You slash the ogre!
The ogre is almost dead.
The ogre hits you with a +0 giant club!
You barely miss the ogre. You headbutt the ogre.
You kill the ogre!
Your Fighting skill increases to level 5!
Your Armour skill increases to level 5!
No target in view!
Found a stone staircase leading up.
Things that are here:
a +0 giant club; an ogre corpse A hobgoblin comes into view.
A hobgoblin is nearby!
A hobgoblin is nearby!
Found a stone staircase leading up.
A giant cockroach comes into view.
Found 2 inky potions, a scroll labelled BUURETHRILETZ and a rapier.
The giant cockroach waves its antennae.
Found a book of Touch.
A sourceless malevolence fills the Dungeon... and a teleportation trap spontaneously manifests!
You are yanked towards some nearby monsters!
Your surroundings suddenly seem different.
An ogre comes into view. It is wielding a +0 giant club.
The ogre shouts!
The ogre moves out of view.
You block the giant cockroach's attack.
You slash the giant cockroach!
You kill the giant cockroach!
The hobgoblin closely misses you.
You see here a giant cockroach corpse.
You barely miss the hobgoblin. You headbutt the hobgoblin.
You kill the hobgoblin!
The ogre hits you with a +0 giant club!!
You are too injured to fight recklessly!
You are too injured to fight recklessly!
You are too injured to fight recklessly!
You are too injured to fight recklessly!
You are too injured to fight recklessly!
You are too injured to fight recklessly!
You are too injured to fight recklessly!
You are too injured to fight recklessly!
You are too injured to fight recklessly!
You are too injured to fight recklessly!
You are too injured to fight recklessly!
You are too injured to fight recklessly!
You hit the ogre.
The ogre is lightly wounded.
The ogre closely misses you.
You slash the ogre!
The ogre is severely wounded.
The ogre hits you with a +0 giant club!!
You die...

###########.
##.....#......#..
##.....).........# #
#................###
.
#.....:......<.....
# #................#
#.....@†.........#
#.#
#.....O..........#
#.#
#.......<........#
#.#
##.....!.........#
#.#
##.....#.....#..#
##..
###..####.###.)#
#... .... .?.#
#..###... .......##
#........ ...#
##.###...


You could see an ogre.

Vanquished Creatures
  An ogre (D:4)
  A scorpion (D:4)
  A howler monkey (D:4)
  An iguana (D:4)
  A white imp (D:4)
  A worm (D:4)
  A dart slug (D:4)
  A bat (D:1)
  3 endoplasms
  3 giant cockroaches
  6 goblins
  7 hobgoblins
  4 jackals (D:1)
  3 ball pythons
  2 frilled lizards
  3 kobolds
39 creatures vanquished.

Notes
Turn   | Place    | Note
-------+----------+-------------------------------------------
     0 | D:1      | Flugkiller the Minotaur Fighter began the quest for the
                  | Orb.
     0 | D:1      | Reached XP level 1. HP: 19/19 MP: 0/0
   143 | D:1      | Found a faded altar of an unknown god.
   175 | D:1      | Reached XP level 2. HP: 26/27 MP: 1/1
   666 | D:2      | You fall into a shaft and drop 2 floors!
   670 | D:4      | Noticed a howler monkey
   670 | D:4      | Noticed a scorpion
   673 | D:4      | Killed a howler monkey
   674 | D:4      | Reached XP level 3. HP: 33/34 MP: 2/2
   680 | D:4      | Killed a scorpion
   681 | D:4      | Reached XP level 4. HP: 36/41 MP: 3/3
   707 | D:4      | Found a staircase to the Ecumenical Temple.
   727 | Temple   | Entered the Ecumenical Temple
  1137 | D:4      | Reached XP level 5. HP: 40/47 MP: 4/4
  1434 | D:4      | Noticed an ogre
  1440 | D:4      | Killed an ogre
  1441 | D:4      | Reached skill level 5 in Fighting
  1441 | D:4      | Reached skill level 5 in Armour
  1450 | D:4      | Noticed an ogre
  1457 | D:4      | Slain by an ogre

Illustrated notes

Levels and vault maps discovered:
D:1:      eino_arrival_cavern_e, layout_loops_ring,
          ebering_ecumenical_altar_rust
D:2:      layout_basic, basic_altar
D:4:      layout_rooms, minmay_temple_entry_glass, gup_sewer_entry_pipe,
          minmay_manual_mess
Temple:   minmay_temple_forest_path

Skill      XL: |  1  2  3  4  5 |
---------------+----------------+-----
Armour         | 4 5 |  5.5
Fighting       | 4 5 |  5.3
Axes           | 3 4 |  4.6
Shields        | 4 |  4.4

Action                     |  1- 3 |  4- 6 || total
---------------------------+-------+-------++-------
  Melee: War axe           |    45 |    34 ||    79
         Headbutt          |     5 |     5 ||    10
 Armour: Scale mail        |    24 |     9 ||    33
  Dodge: Dodged            |    20 |    15 ||    35
  Block: Buckler           |    17 |     9 ||    26
